General information
- name: BNet
- type: Ladder team game (AT/RT)
- host: Battle.net
- saver: LOLGEDDOISNOOB
map: MarketSquare
- players: 8
- length: 36:39
- speed: Fast
- version: 1.26 W3XP
- replay type: Public
» download(218 KB)
Players
team 1 (winner)

»
LOLGEDDOISNOOB (
pink | 58 APM | 2118 actions | 36:39)
6 Death Knight
3 Death Coil
3 Unholy Aura
5 Lich
3 Frost Nova
2 Dark Ritual
5 Dark Ranger
3 Silence
2 Life Drain
» actions
| Assign group hotkey | 35 | |
| Basic commands | 216 | |
| Build / train | 102 | |
| ESC pressed | 3 | |
| Enter build submenu | 26 | |
| Enter hero's abilities submenu | 17 | |
| Give item / drop item | 2 | |
| Right click | 577 | |
| Select / deselect | 469 | |
| Select group hotkey | 510 | |
| Use ability | 160 | |
2118 total
» units
| Acolyte | 12 | |
| Ghoul | 6 | |
| Crypt Fiend | 10 | |
| Obsidian Statue | 5 | |
33 total
» upgrades
| Web | 1 | |
| Burrow | 1 | |
| Creature Carapace | 3 | |
| Destroyer Form | 1 | |
| Creature Attack | 3 | |
9 total
» buildings
| Altar of Darkness | 1 | |
| Graveyard | 1 | |
| Ziggurat | 10 | |
| Crypt | 2 | |
| Tomb of Relics | 1 | |
| Nerubian Tower | 4 | |
| Halls of the Dead | 1 | |
| Slaughterhouse | 2 | |
| Black Citadel | 1 | |
| Spirit Tower | 2 | |
25 total
» build order
00:20 Altar of Darkness
00:26 Graveyard
00:48 Ziggurat
01:05 Crypt
01:31 Tomb of Relics
01:46 Ziggurat
02:08 Nerubian Tower
02:24 Ziggurat
02:56 Ziggurat
04:00 Halls of the Dead
05:08 Nerubian Tower
07:35 Slaughterhouse
09:20 Black Citadel
11:03 Ziggurat
11:05 Ziggurat
11:06 Ziggurat
12:08 Slaughterhouse
12:12 Crypt
12:14 Nerubian Tower
12:14 Spirit Tower
17:58 Ziggurat
17:59 Ziggurat
18:00 Ziggurat
19:09 Nerubian Tower
19:09 Spirit Tower
» items
| Rod of Necromancy | 1 | |
| Scroll of Town Portal | 7 | |
| Potion of Healing | 14 | |
| Dust of Appearance | 1 | |
| Orb of Corruption | 1 | |
| Scroll of Healing | 4 | |
| Potion of Mana | 5 | |
33 total
904soldier (
teal | 46 APM | 1685 actions | 36:38)
8 Death Knight
1 Death Coil
3 Unholy Aura
3 Death Pact
1 Animate Dead
» actions
| Assign group hotkey | 19 | |
| Basic commands | 61 | |
| Build / train | 88 | |
| Enter build submenu | 25 | |
| Enter hero's abilities submenu | 8 | |
| Give item / drop item | 2 | |
| Remove unit from queue | 2 | |
| Right click | 793 | |
| Select / deselect | 208 | |
| Select group hotkey | 434 | |
| Use ability | 45 | |
1685 total
» units
| Acolyte | 17 | |
| Ghoul | 10 | |
| Gargoyle | 18 | |
| Frost Wyrm | 10 | |
55 total
» upgrades
| Creature Attack | 3 | |
| Creature Carapace | 3 | |
| Freezing Breath | 1 | |
7 total
» buildings
| Crypt | 2 | |
| Ziggurat | 10 | |
| Altar of Darkness | 1 | |
| Graveyard | 2 | |
| Spirit Tower | 6 | |
| Tomb of Relics | 1 | |
| Halls of the Dead | 1 | |
| Nerubian Tower | 1 | |
| Black Citadel | 1 | |
| Sacrificial Pit | 1 | |
| Boneyard | 3 | |
29 total
» build order
00:12 Crypt
00:15 Ziggurat
01:00 Altar of Darkness
01:03 Ziggurat
01:21 Graveyard
02:09 Ziggurat
02:24 Ziggurat
02:42 Spirit Tower
03:04 Spirit Tower
03:31 Spirit Tower
04:09 Tomb of Relics
05:05 Ziggurat
06:42 Halls of the Dead
08:35 Spirit Tower
08:39 Crypt
08:57 Nerubian Tower
09:02 Ziggurat
09:04 Black Citadel
09:10 Sacrificial Pit
09:21 Graveyard
11:20 Ziggurat
11:25 Ziggurat
11:28 Ziggurat
12:20 Boneyard
12:25 Boneyard
12:28 Boneyard
25:22 Ziggurat
29:33 Spirit Tower
31:22 Spirit Tower
» items
| Scroll of Town Portal | 2 | |
| Scroll of Healing | 2 | |
| Scroll of Protection | 1 | |
| Potion of Lesser Invulnerability | 1 | |
6 total
dr_rush (
purple | 23 APM | 835 actions | 36:38)
6 Priestess of the Moon
2 Searing Arrows
3 Trueshot Aura
1 Starfall
» actions
| Assign group hotkey | 34 | |
| Basic commands | 28 | |
| Build / train | 93 | |
| Enter build submenu | 13 | |
| Enter hero's abilities submenu | 6 | |
| Remove unit from queue | 2 | |
| Right click | 209 | |
| Select / deselect | 179 | |
| Select group hotkey | 215 | |
| Use ability | 56 | |
835 total
» units
| Wisp | 21 | |
| Archer | 7 | |
| Dryad | 25 | |
| Druid of the Claw | 9 | |
| Mountain Giant | 3 | |
65 total
» upgrades
| Reinforced Hides | 3 | |
| Strength of the Wild | 3 | |
| Ultravision | 1 | |
| Moon Armor | 1 | |
| Strength of the Moon | 1 | |
| Abolish Magic | 1 | |
| Druid of the Claw Training | 2 | |
| Mark of the Claw | 1 | |
| Resistant Skin | 1 | |
| Hardened Skin | 1 | |
| Well Spring | 1 | |
16 total
» buildings
| Altar of Elders | 1 | |
| Moon Well | 11 | |
| Ancient of War | 1 | |
| Hunter's Hall | 1 | |
| Tree of Ages | 1 | |
| Ancient of Wonders | 1 | |
| Ancient Protector | 4 | |
| Ancient of Lore | 2 | |
| Tree of Eternity | 1 | |
23 total
» build order
00:08 Altar of Elders
00:11 Moon Well
00:25 Ancient of War
01:27 Moon Well
01:28 Moon Well
03:59 Hunter's Hall
04:58 Tree of Ages
06:40 Ancient of Wonders
06:45 Ancient Protector
06:46 Ancient Protector
06:47 Ancient Protector
07:04 Ancient Protector
07:18 Moon Well
07:19 Moon Well
07:22 Moon Well
07:25 Moon Well
07:41 Ancient of Lore
10:26 Moon Well
10:27 Moon Well
10:32 Moon Well
12:41 Moon Well
16:05 Ancient of Lore
16:11 Tree of Eternity
» items

»
ImReallyBlazed (
green | 59 APM | 2162 actions | 36:38)
8 Lich
3 Frost Nova
3 Frost Armor
1 Death and Decay
1 Dark Ritual
4 Death Knight
2 Death Coil
2 Unholy Aura
1 Priestess of the Moon
1 Trueshot Aura
» actions
| Basic commands | 9 | |
| Build / train | 96 | |
| Enter build submenu | 20 | |
| Enter hero's abilities submenu | 13 | |
| Give item / drop item | 6 | |
| Remove unit from queue | 7 | |
| Right click | 1444 | |
| Select / deselect | 473 | |
| Use ability | 94 | |
2162 total
» units
| Acolyte | 7 | |
| Ghoul | 5 | |
| Crypt Fiend | 10 | |
| Banshee | 11 | |
| Gargoyle | 6 | |
| Frost Wyrm | 8 | |
| Wisp | 1 | |
48 total
» upgrades
| Creature Attack | 3 | |
| Creature Carapace | 3 | |
| Banshee Training | 2 | |
| Burrow | 1 | |
| Web | 1 | |
| Freezing Breath | 1 | |
11 total
» buildings
| Crypt | 1 | |
| Ziggurat | 8 | |
| Altar of Darkness | 1 | |
| Tomb of Relics | 1 | |
| Nerubian Tower | 1 | |
| Graveyard | 1 | |
| Halls of the Dead | 1 | |
| Spirit Tower | 3 | |
| Temple of the Damned | 1 | |
| Black Citadel | 1 | |
| Sacrificial Pit | 1 | |
| Boneyard | 1 | |
| Tree of Life | 1 | |
| Altar of Elders | 1 | |
| Tree of Ages | 1 | |
| Tree of Eternity | 1 | |
25 total
» build order
00:27 Crypt
00:30 Ziggurat
00:56 Altar of Darkness
01:06 Ziggurat
02:11 Tomb of Relics
02:12 Nerubian Tower
02:20 Graveyard
03:17 Halls of the Dead
04:50 Spirit Tower
04:58 Ziggurat
05:45 Temple of the Damned
06:30 Black Citadel
07:40 Sacrificial Pit
08:44 Ziggurat
09:51 Boneyard
12:05 Ziggurat
12:10 Spirit Tower
13:21 Ziggurat
20:57 Tree of Life
24:20 Ziggurat
24:35 Ziggurat
24:46 Spirit Tower
26:17 Altar of Elders
28:11 Tree of Ages
30:56 Tree of Eternity
» items
| Rod of Necromancy | 1 | |
| Circlet of Nobility | 1 | |
| Boots of Speed | 1 | |
| Orb of Corruption | 1 | |
4 total
team 2 (loser)

»
tenmin3expos (
yellow | 44 APM | 1603 actions | 36:37)
6 Pandaren Brewmaster
3 Breath of Fire
2 Drunken Haze
1 Storm Earth and Fire
» actions
| Assign group hotkey | 165 | |
| Basic commands | 144 | |
| Build / train | 96 | |
| Enter build submenu | 21 | |
| Enter hero's abilities submenu | 6 | |
| Give item / drop item | 1 | |
| Remove unit from queue | 1 | |
| Right click | 524 | |
| Select / deselect | 244 | |
| Select group hotkey | 256 | |
| Use ability | 145 | |
1603 total
» units
| Wisp | 36 | |
| Archer | 3 | |
| Rogue | 5 | |
| Assassin | 4 | |
| Kobold Geomancer | 5 | |
| Forest Troll High Priest | 7 | |
| Hippogryph | 8 | |
68 total
» upgrades
| Ultravision | 1 | |
| Strength of the Wild | 2 | |
| Reinforced Hides | 2 | |
| Nature's Blessing | 1 | |
| Well Spring | 1 | |
7 total
» buildings
| Altar of Elders | 1 | |
| Moon Well | 6 | |
| Ancient of War | 4 | |
| Ancient of Wonders | 1 | |
| Hunter's Hall | 1 | |
| Tree of Ages | 1 | |
| Tree of Life | 3 | |
| Tree of Eternity | 1 | |
| Ancient of Wind | 3 | |
21 total
» build order
00:25 Altar of Elders
00:49 Moon Well
01:03 Moon Well
01:47 Ancient of War
03:08 Moon Well
03:12 Ancient of Wonders
03:33 Hunter's Hall
04:02 Moon Well
04:07 Moon Well
05:12 Tree of Ages
07:19 Ancient of War
07:24 Ancient of War
08:26 Tree of Life
11:01 Ancient of War
11:02 Tree of Life
11:58 Tree of Eternity
12:11 Moon Well
13:41 Ancient of Wind
15:54 Ancient of Wind
15:57 Ancient of Wind
31:24 Tree of Life
» items
| Moonstone | 2 | |
| Lesser Clarity Potion | 3 | |
| Dust of Appearance | 1 | |
| Staff of Preservation | 1 | |
| Scroll of Town Portal | 3 | |
| Orb of Venom | 1 | |
11 total

»
KingNicholas (
orange | 54 APM | 1365 actions | 25:15)
5 Blademaster
1 Wind Walk
3 Critical Strike
1 Mirror Image
2 Shadow Hunter
1 Healing Wave
1 Hex
» actions
| Assign group hotkey | 17 | |
| Build / train | 53 | |
| Enter build submenu | 23 | |
| Enter hero's abilities submenu | 7 | |
| Give item / drop item | 2 | |
| Remove unit from queue | 1 | |
| Right click | 698 | |
| Select / deselect | 180 | |
| Select group hotkey | 307 | |
| Use ability | 77 | |
1365 total
» units
| Peon | 7 | |
| Raider | 6 | |
| Wind Rider | 3 | |
| Troll Batrider | 9 | |
25 total
» upgrades
| Ensnare | 1 | |
| Pillage | 1 | |
| Armor | 2 | |
| Ranged Weapons | 1 | |
| Envenomed Spears | 1 | |
6 total
» buildings
| Altar of Storms | 1 | |
| Orc Burrow | 6 | |
| Stronghold | 1 | |
| War Mill | 3 | |
| Voodoo Lounge | 1 | |
| Beastiary | 3 | |
| Watch Tower | 4 | |
| Fortress | 1 | |
20 total
» build order
00:07 Altar of Storms
00:10 Orc Burrow
02:00 Stronghold
03:24 Orc Burrow
03:29 War Mill
03:39 Voodoo Lounge
03:43 War Mill
04:06 Orc Burrow
04:34 Beastiary
04:38 Beastiary
05:29 Watch Tower
06:03 Beastiary
06:13 Watch Tower
06:48 Watch Tower
08:33 Watch Tower
10:53 Orc Burrow
11:26 Orc Burrow
12:05 Orc Burrow
16:07 Fortress
18:48 War Mill
» items
| Periapt of Vitality | 1 | |
| Circlet of Nobility | 1 | |
| Healing Salve | 3 | |
| Potion of Healing | 1 | |
| Orb of Lightning | 1 | |
| Lesser Clarity Potion | 2 | |
| Potion of Mana | 1 | |
| Scroll of Town Portal | 1 | |
11 total

»
Ho3zz (
blue | 31 APM | 1113 actions | 35:36)
6 Blademaster
2 Wind Walk
3 Critical Strike
1 Bladestorm
» actions
| Assign group hotkey | 25 | |
| Basic commands | 63 | |
| Build / train | 64 | |
| ESC pressed | 22 | |
| Enter build submenu | 25 | |
| Enter hero's abilities submenu | 6 | |
| Right click | 369 | |
| Select / deselect | 325 | |
| Select group hotkey | 143 | |
| Use ability | 71 | |
1113 total
» units
| Peon | 12 | |
| Grunt | 9 | |
| Tauren | 4 | |
| Spirit Walker | 3 | |
| Troll Batrider | 8 | |
36 total
» upgrades
| Pillage | 1 | |
| Armor | 3 | |
| Melee Weapons | 3 | |
| Berserker Strength | 1 | |
| Spiked Barricades | 2 | |
| Spirit Walker Training | 2 | |
| Pulverize | 1 | |
| Reinforced Defenses | 1 | |
| Liquid Fire | 1 | |
15 total
» buildings
| Altar of Storms | 1 | |
| Orc Burrow | 9 | |
| Barracks | 2 | |
| Voodoo Lounge | 1 | |
| War Mill | 1 | |
| Stronghold | 2 | |
| Watch Tower | 3 | |
| Fortress | 1 | |
| Spirit Lodge | 1 | |
| Tauren Totem | 2 | |
| Beastiary | 3 | |
26 total
» build order
00:08 Altar of Storms
00:14 Orc Burrow
01:15 Barracks
01:19 Barracks
02:14 Orc Burrow
02:53 Voodoo Lounge
02:57 War Mill
03:14 Orc Burrow
04:45 Orc Burrow
05:01 Stronghold
05:44 Orc Burrow
06:56 Watch Tower
06:57 Stronghold
08:45 Watch Tower
09:59 Fortress
10:06 Watch Tower
11:17 Spirit Lodge
12:22 Tauren Totem
12:25 Tauren Totem
12:54 Orc Burrow
12:58 Orc Burrow
23:50 Beastiary
23:53 Beastiary
23:55 Beastiary
29:32 Orc Burrow
29:36 Orc Burrow
» items
| Scroll of Speed | 1 | |
| Healing Salve | 1 | |
| Orb of Lightning | 1 | |
3 total

»
Buttfest (
red | 27 APM | 759 actions | 27:47)
7 Demon Hunter
3 Evasion
3 Mana Burn
1 Metamorphosis
» actions
| Assign group hotkey | 15 | |
| Basic commands | 10 | |
| Build / train | 71 | |
| Enter build submenu | 18 | |
| Enter hero's abilities submenu | 7 | |
| Remove unit from queue | 2 | |
| Right click | 288 | |
| Select / deselect | 239 | |
| Select group hotkey | 46 | |
| Use ability | 63 | |
759 total
» units
| Wisp | 13 | |
| Archer | 10 | |
| Dryad | 10 | |
| Druid of the Claw | 11 | |
44 total
» upgrades
| Strength of the Wild | 3 | |
| Abolish Magic | 1 | |
| Druid of the Claw Training | 2 | |
| Reinforced Hides | 3 | |
| Mark of the Claw | 1 | |
| Well Spring | 1 | |
| Ultravision | 1 | |
12 total
» buildings
| Ancient of War | 1 | |
| Moon Well | 7 | |
| Altar of Elders | 1 | |
| Ancient of Wonders | 1 | |
| Tree of Ages | 1 | |
| Hunter's Hall | 1 | |
| Ancient of Lore | 2 | |
| Tree of Eternity | 1 | |
15 total
» build order
00:05 Ancient of War
00:14 Moon Well
00:52 Altar of Elders
01:58 Moon Well
02:19 Ancient of Wonders
03:14 Tree of Ages
03:43 Moon Well
05:08 Hunter's Hall
05:11 Moon Well
06:39 Ancient of Lore
06:43 Ancient of Lore
07:10 Moon Well
08:27 Tree of Eternity
08:50 Moon Well
10:09 Moon Well
» items
| Orb of Venom | 1 | |
| Potion of Healing | 1 | |
| Boots of Speed | 1 | |
3 total
Chat log
(00:08 / All) LOLGEDDOISNOOB: yeah it's better than golems imo
(00:28 / All) tenmin3expos: i dont mind golems
(00:36 / All) tenmin3expos: dont HAVE to get a tav hero every game
(00:38 / All) LOLGEDDOISNOOB: I just don't like how there's no tavern OR item shp
(00:41 / All) LOLGEDDOISNOOB: YES YOU DO
(00:44 / All) LOLGEDDOISNOOB: if i'm elf
(00:45 / All) LOLGEDDOISNOOB: lol
(00:52 / All) tenmin3expos: well yeah
(01:02 / All) LOLGEDDOISNOOB: anyway, I recognize blue, though I dont' remember much about his play
(01:12 / All) Ho3zz: im a fuckin beast
(01:12 / All) LOLGEDDOISNOOB: oh. He's bad.
(01:15 / All) LOLGEDDOISNOOB: that's right
(01:18 / All) tenmin3expos: lol
(01:24 / All) LOLGEDDOISNOOB: He may have appeard in one of the chatlogs i posted on the forums
(01:36 / All) LOLGEDDOISNOOB: Can't really rememaber
(01:42 / All) Ho3zz: u post stuff on forums about warcraft?
(01:44 / All) tenmin3expos: sorry blue that sentence requires punctuation to make any sense
(01:46 / Allies) ImReallyBlazed: what heroes pink n teal?
(01:48 / All) LOLGEDDOISNOOB: Yeash
(01:53 / All) LOLGEDDOISNOOB: Then i show it to people at the club
(01:55 / All) LOLGEDDOISNOOB: and get laid
(02:00 / Allies) 904soldier: im not getting a hero
(02:00 / All) LOLGEDDOISNOOB: By sexy bitches
(02:08 / All) Ho3zz: sorry yellow i didnt realize i was getting graded
(02:16 / All) LOLGEDDOISNOOB: This is Random Team
(02:18 / Allies) 904soldier: they are over rated
(02:19 / All) LOLGEDDOISNOOB: You're always getting graded.
(02:32 / All) LOLGEDDOISNOOB: By the way, was your chat any good last game?
(02:38 / All) tenmin3expos: nah
(02:41 / All) LOLGEDDOISNOOB: k
(02:50 / All) Ho3zz: wow the fucking anti poon over here
(03:01 / All) LOLGEDDOISNOOB: lol
(03:09 / All) LOLGEDDOISNOOB: yep, he's pretty bad at this game alright.
(03:34 / All) LOLGEDDOISNOOB: I'm almost certain he shows up in either the trash talk thread or the "let's play" one
(03:46 / All) Ho3zz: you should check it
(03:50 / All) LOLGEDDOISNOOB: i wil
(03:51 / All) LOLGEDDOISNOOB: nerd.
(04:41 / All) LOLGEDDOISNOOB: Good harass blue.
(04:46 / All) Ho3zz: ty
(05:19 / Allies) ImReallyBlazed: blue doesnt seem too good
(05:25 / Allies) LOLGEDDOISNOOB: he's not.
(05:28 / Allies) LOLGEDDOISNOOB: i've played with him before
(05:58 / All) LOLGEDDOISNOOB: Well that was pointless waste of tp
(05:59 / All) LOLGEDDOISNOOB: oh well
(06:20 / Allies) LOLGEDDOISNOOB: so close
(09:13 / Allies) ImReallyBlazed: can anyone spare 100 gold
(10:34 / All) LOLGEDDOISNOOB: Lol
(11:01 / Allies) 904soldier: man u guys are terrible
(11:15 / All) LOLGEDDOISNOOB: Teal just told us we were terrible
(11:18 / All) LOLGEDDOISNOOB: He has made zero units yet.
(11:25 / All) tenmin3expos: lol!
(11:32 / Allies) ImReallyBlazed: lol
(11:37 / All) Ho3zz: LOL omg post that in the forums!
(11:40 / All) LOLGEDDOISNOOB: either that or he suicided them all in a brutal unfortunate way.
(11:47 / All) LOLGEDDOISNOOB: Nah,
(11:54 / All) LOLGEDDOISNOOB: Happens too often.
(12:52 / Allies) LOLGEDDOISNOOB: might as well back out purp
(12:54 / Allies) ImReallyBlazed: b
(14:05 / All) LOLGEDDOISNOOB: Anyway blue, you just don't understand how hip and cool posting things on the forums is. It's like sharing pictures on facebook
(14:09 / All) LOLGEDDOISNOOB: But they're REPLAYS!
(14:10 / All) LOLGEDDOISNOOB: :D:D:D
(14:37 / All) Ho3zz: shut up
(14:53 / Allies) ImReallyBlazed: purp
(14:54 / Allies) dr_rush: go gteen
(17:06 / Allies) dr_rush: its those troll priests yellow gots makin them good
(17:18 / Allies) ImReallyBlazed: i was leeching mad exp off those merc
(17:19 / All) LOLGEDDOISNOOB: hey teelo
(17:24 / All) tenmin3expos: yo
(17:32 / All) LOLGEDDOISNOOB: apparently on the subject of your troll priests, "you gots makin them good"
(17:39 / All) LOLGEDDOISNOOB: says purple.
(17:40 / Allies) dr_rush: lol
(17:43 / All) Ho3zz: yellow is awesome
(17:43 / All) tenmin3expos: lol
(17:44 / Allies) dr_rush: wow
(19:18 / Allies) ImReallyBlazed: lol
(19:19 / Allies) ImReallyBlazed: trolls
(21:07 / Allies) 904soldier: pink is so noob
(21:22 / Allies) LOLGEDDOISNOOB: wanna back that up with a 1v1?
(21:32 / Allies) 904soldier: yes next\
(21:37 / Allies) ImReallyBlazed: pink trying to be tough
(21:38 / Allies) LOLGEDDOISNOOB: can you host?
(21:42 / Allies) 904soldier: yes
(21:48 / All) LOLGEDDOISNOOB: teals 1v1ing me after this
(21:55 / All) LOLGEDDOISNOOB: meet in forum after, teal?
(22:01 / All) tenmin3expos: lol
(22:14 / All) LOLGEDDOISNOOB: Ok?
(22:41 / All) LOLGEDDOISNOOB: that would be the easiest way to get a game going
(22:44 / Allies) ImReallyBlazed: y r u attacking
(22:57 / Allies) ImReallyBlazed: w/o me n stuff
(23:19 / All) 904soldier: pink is just terrible
(23:27 / All) LOLGEDDOISNOOB: so
(23:33 / All) LOLGEDDOISNOOB: channel forum after?
(24:11 / All) tenmin3expos: lol my team doesnt seem to understand that expos > unit composition in this game
(24:14 / All) LOLGEDDOISNOOB: guess teals dodging after all
(24:21 / All) LOLGEDDOISNOOB: Because he's not responding
(24:26 / All) LOLGEDDOISNOOB: Just keeps saying i'm noob lol
(24:31 / Allies) dr_rush: anyone need wood?
(24:40 / All) 904soldier: yum yum
(25:01 / All) Ho3zz: wtf do u need 3 xpos for if u dont build units
(25:07 / All) LOLGEDDOISNOOB: lol
(25:13 / All) tenmin3expos: i had more units than you lol
(25:16 / All) Ho3zz: i have no xpo and dont lose units so therefore idont need gold
(25:29 / All) Ho3zz: u had 5 hippos...
(25:34 / All) tenmin3expos: you have tauren against a frost and destroyer army
(25:35 / All) tenmin3expos: nice
(25:41 / All) LOLGEDDOISNOOB: So teal we still playin that game after?
(25:55 / All) 904soldier: yes noob
(26:05 / All) LOLGEDDOISNOOB: ok. Channel forum
(26:08 / All) tenmin3expos: oooooh he called you a noob!
(26:10 / All) Ho3zz: i shouldnt be the only 1 responsible for aa
(26:14 / All) tenmin3expos: i call obs
(26:17 / All) LOLGEDDOISNOOB: Yeah
(26:23 / All) LOLGEDDOISNOOB: make sure you set the game to referees
(26:27 / All) LOLGEDDOISNOOB: so yellow can join
(27:11 / All) 904soldier: see how terrible pink is
(27:27 / All) LOLGEDDOISNOOB: Guess we'll find otu
(27:27 / Allies) ImReallyBlazed: i have no anti dryad either
(27:31 / All) tenmin3expos: pink is number 1 in his silver league
(27:39 / All) 904soldier: nice
(27:48 / All) LOLGEDDOISNOOB: Close one red
(27:52 / All) LOLGEDDOISNOOB: aw he left
(28:37 / All) 904soldier: lol he tped
(28:45 / All) LOLGEDDOISNOOB: yeah
(28:46 / All) 904soldier: hes just so bad
(28:48 / Allies) ImReallyBlazed: whats the plan
(28:48 / All) LOLGEDDOISNOOB: only noobs don't suicide.
(28:58 / All) 904soldier: who said u should suicide
(29:04 / All) 904soldier: u already did anyways
(29:05 / All) LOLGEDDOISNOOB: Meh
(29:07 / All) LOLGEDDOISNOOB: I was scared :P
(29:07 / All) tenmin3expos: i have a lone wisp but they wouldnt give me any gold
(29:26 / All) Ho3zz: ur the awesome one with all the xpos.... u should have gold
(29:31 / All) LOLGEDDOISNOOB: rofl
(29:32 / All) tenmin3expos: i gave it all to you
(29:47 / All) Ho3zz: did u really?
(29:50 / All) tenmin3expos: yah
(29:57 / All) tenmin3expos: why else would you have 2700g
(30:04 / All) LOLGEDDOISNOOB: lol
(30:10 / All) Ho3zz: bc i havent bought shit :) i save
(30:21 / All) LOLGEDDOISNOOB: awww teals killing me
(30:22 / All) LOLGEDDOISNOOB: Lol
(30:28 / All) tenmin3expos: lol
(30:45 / All) tenmin3expos: guess he thinks thats "1v1"
(30:49 / All) LOLGEDDOISNOOB: probably
(30:51 / All) tenmin3expos: in random team
(31:02 / All) LOLGEDDOISNOOB: But hopefully not
(31:22 / All) tenmin3expos: lol i had to wait for my 1 wisp to collect 185 lumber
(31:39 / Allies) LOLGEDDOISNOOB: k purp
(31:39 / Allies) LOLGEDDOISNOOB: make shit
(31:47 / Allies) LOLGEDDOISNOOB: you have the power
(32:00 / All) Ho3zz: cmon man i wanna get this over with
(32:08 / All) LOLGEDDOISNOOB: Would have
(32:12 / All) LOLGEDDOISNOOB: But teals "1v1"ing me
(32:27 / Allies) LOLGEDDOISNOOB: Y
(32:28 / Allies) ImReallyBlazed: i got a plan
(32:34 / All) LOLGEDDOISNOOB: Go ahead and leave blue if you have other things to do :P
(32:34 / Allies) ImReallyBlazed: prot me while i death and decay their base
(32:44 / Allies) LOLGEDDOISNOOB: ok
(32:57 / All) Ho3zz: i have a skype date withmy girlfriendn
(33:04 / All) LOLGEDDOISNOOB: cool
(33:21 / All) tenmin3expos: lol one suicide at a time
(33:24 / All) tenmin3expos: bad bathandler
(33:42 / All) Ho3zz: WOOOOOO
(34:01 / All) LOLGEDDOISNOOB: Yeah this was a pretty good one :P
(34:05 / All) Ho3zz: k im outta here its been real, i think my girlfriends finally gonna let me see her breast
(34:10 / All) LOLGEDDOISNOOB: lol
(34:23 / All) tenmin3expos: those pictures arent girlfriends sorry
(34:26 / All) LOLGEDDOISNOOB: I think he's trying to convey that he has a life or something
(34:31 / All) LOLGEDDOISNOOB: and that "only nerds post on forums"
(34:38 / All) Ho3zz: Precisely
(34:43 / All) ImReallyBlazed: look i got a potm
(34:44 / All) 904soldier: how could i kill u pink, i hve no units
(34:58 / All) LOLGEDDOISNOOB: You're taking my statement out of context.
(35:08 / All) LOLGEDDOISNOOB: That's how.
(35:29 / All) 904soldier: i had units then pink
(35:35 / All) Ho3zz: u guys r gay
(35:36 / All) LOLGEDDOISNOOB: You had a death knight.
(35:39 / All) LOLGEDDOISNOOB: lol.
(35:40 / All) 904soldier: wrong
(35:51 / All) LOLGEDDOISNOOB: oh well
(35:57 / All) tenmin3expos: well its just me
(35:59 / All) LOLGEDDOISNOOB: They weren't with your death knight or in your base
(36:00 / All) tenmin3expos: want me to leave pink?
(36:02 / All) LOLGEDDOISNOOB: yeah
(36:04 / All) LOLGEDDOISNOOB: Gonna see if teal
(36:06 / All) LOLGEDDOISNOOB: shows up
(36:08 / All) LOLGEDDOISNOOB: in the channel
(36:08 / All) 904soldier: wrong again noob
(36:24 / All) ImReallyBlazed: gf
(36:33 / All) LOLGEDDOISNOOB: yeah gg
(36:36 / All) LOLGEDDOISNOOB: seeya in the channel teal